 Dungeon Crawl Stone Soup version 0.31-a0-188-g5e087ee2ca (webtiles) character file.

Game seed: 9692815866070066832

382 qw the Skirmisher (level 6, -3/35 HPs)
             Began as a Deep Elf Hunter on June 23, 2023.
             Slain by a sky beast (6 damage)
             ... on level 5 of the Dungeon.
             The game lasted 00:01:19 (3059 turns).

qw the Skirmisher (Deep Elf Hunter)                 Turns: 3059, Time: 00:01:20

Health: -3/35      AC:  9    Str: 10    XL:     6   Next: 47%
Magic:  8/8        EV: 11    Int: 14    God:
Gold:   212        SH:  0    Dex: 18    Spells: 5/5 levels left

rFire   + . .        Y - +1 shortbow
rCold   . . .        (shield currently unavailable)
rNeg    . . .        e - +2 ring mail {Will+}
rPois   .            (no helmet)
rElec   .            (no cloak)
rCorr   .            c - +0 pair of gloves
SInv    .            d - +0 pair of boots
Will    +....        (no amulet)
Stlth   +            i - ring of protection from fire
HPRegen 0.25/turn    (no ring)
MPRegen 0.11/turn

%: no passive effects
@: no status effects
A: no striking features
a: no special abilities


You were on level 5 of the Dungeon.
You visited 1 branch of the dungeon, and saw 5 of its levels.

You collected 212 gold pieces.


   Skills:
 - Level 2.0 Fighting
 + Level 9.8 Ranged Weapons
 - Level 1.1 Armour
 - Level 2.4 Dodging
 - Level 1.2 Stealth


You had 5 spell levels left.
You didn't know any spells.
Your spell library was empty.

Inventory:

Hand Weapons
 Y - a +1 shortbow (weapon)
Armour
 c - a +0 pair of gloves (worn)
 d - a +0 pair of boots (worn)
 e - a +2 ring mail of willpower (worn)
Jewellery
 i - a ring of protection from fire (left hand)
 m - a ring of fire
Scrolls
 a - a scroll of identify
Potions
 g - a potion of mutation
 h - a potion of cancellation
 j - a potion of haste {unknown}
 k - a potion of curing {unknown}

Dungeon Overview and Level Annotations

Branches:
Dungeon (5/15)
 Temple: D:4-7

Altars:
Elyvilon
Fedhas
Xom


Message History

The sky beast hits you but does no damage.
You shoot an arrow. The arrow misses the sky beast.
The adder barely misses you. The sky beast hits you. The sky beast shocks you.
You shoot an arrow. The arrow barely misses the sky beast.
The adder bites you but does no damage. x2; The sky beast misses you.
You shoot an arrow. The arrow hits the sky beast.
The sky beast is lightly wounded.
The adder bites you.
The sky beast flickers out of sight!
Deactivating autopickup; reactivate with Ctrl-A.
Something hits you but does no damage.
You shoot an arrow. The arrow hits the adder.
The adder is lightly wounded.
The adder barely misses you. Something hits you but does no damage.
You shoot an arrow.
The arrow hits the adder but does no damage.
The adder is lightly wounded.
The adder barely misses you. Something hits you but does no damage.
The adder closely misses you.
You shoot an arrow. The arrow hits the adder.
The adder is heavily wounded.
The adder barely misses you. Something hits you but does no damage.
You shoot an arrow. The arrow hits the adder.
The adder is almost dead.
The adder misses you. Something hits you. Something shocks you.
The adder bites you but does no damage.
You shoot an arrow. The arrow hits the adder.
The adder is almost dead.
A sky beast appears from thin air!
Reactivating autopickup.
The sky beast hits you but does no damage.
The adder bites you.
You shoot an arrow. The arrow hits the adder.
You kill the adder!
The sky beast hits you but does no damage.
You shoot an arrow.
The arrow completely misses the sky beast.
The sky beast flickers out of sight!
Deactivating autopickup; reactivate with Ctrl-A.
Something hits you. Something shocks you.
You die...

.............
.......##########...###.
.......#.......!........
.......#.###############
.......#.# #...:......
...?...#.# #.#########
.......#.# #.#
.......#.#####.########
......%@..............#
......{...............##
....................%.#.
##############+#####%.#.
#..#. #..#. #.... #....
#....


There were no monsters in sight!

Vanquished Creatures
  A scorpion (D:5)
  A howler monkey (D:5)
  A hound (D:5)
  Ijyb (D:2)
  2 iguanas
  A gnoll (D:1)
  4 adders
  3 river rats
  3 worms
  4 dart slugs
  An orc (D:4)
  8 endoplasms
  11 giant cockroaches
  5 goblins
  7 hobgoblins
  6 quokkas
  10 ball pythons
  7 bats
  3 frilled lizards
  9 kobolds
  5 rats (D:1)
93 creatures vanquished.

Notes
Turn   | Place    | Note
-------+----------+-------------------------------------------
     0 | D:1      | qw the Deep Elf Hunter began the quest for the Orb.
     0 | D:1      | Reached XP level 1. HP: 12/12 MP: 3/3
     0 | D:1      | 0 ||| qw: Version: 0.3-a-9-g12657ce
     0 | D:1      | 0 ||| qw: Game counter: 4269
     0 | D:1      | 0 ||| qw: Always use a shield: true
     0 | D:1      | 0 ||| qw: God list: Okawaru
     0 | D:1      | 0 ||| qw: Allow faded altars: false
     0 | D:1      | 0 ||| qw: Do Orc after D:15 true
     0 | D:1      | 0 ||| qw: Do second Lair branch before Depths: true
     0 | D:1      | 0 ||| qw: Lair rune preference: random
     0 | D:1      | 0 ||| qw: Plans: Normal
     0 | D:1      | 0 ||| PLANNING D:1-11
    49 | D:1      | Reached skill level 6 in Ranged Weapons
    49 | D:1      | Reached XP level 2. HP: 16/16 MP: 4/4
   216 | D:1      | Reached XP level 3. HP: 20/20 MP: 5/5
   463 | D:1      | Reached skill level 7 in Ranged Weapons
   527 | D:1      | 527 ||| UPGRADING to +0 ring mail.
   537 | D:1      | 537 ||| DROPPING +0 leather armour.
   538 | D:1      | 538 ||| UPGRADING to +2 ring mail of willpower.
   548 | D:1      | 548 ||| DROPPING +0 ring mail.
   549 | D:1      | 549 ||| READING 2 scrolls labelled YZXICE PYZE.
   550 | D:1      | 550 ||| DROPPING scroll of butterflies.
   685 | D:2      | HP: 4/20 [poisoned by a goblin]
   901 | D:2      | Reached XP level 4. HP: 25/25 MP: 6/6
  1293 | D:2      | 1293 ||| READING scroll labelled UXARPH TIPLOZO.
  1294 | D:2      | 1294 ||| READING scroll labelled VOAFOIR LUS LUMP.
  1295 | D:2      | 1295 ||| READING scroll labelled CAVIEM PYDDA.
  1296 | D:2      | 1296 ||| DRINKING 2 grey potions.
  1297 | D:2      | 1297 ||| DRINKING 2 silvery potions.
  1298 | D:2      | 1298 ||| READING 4 scrolls of identify.
  1298 | D:2      | 1298 ||| IDENTIFYING bubbling inky potion
  1299 | D:2      | 1299 ||| READING 3 scrolls of identify.
  1299 | D:2      | 1299 ||| IDENTIFYING bubbling puce potion
  1300 | D:2      | 1300 ||| READING 2 scrolls of identify.
  1300 | D:2      | 1300 ||| IDENTIFYING bubbling coppery potion
  1301 | D:2      | 1301 ||| DROPPING potion of brilliance.
  1302 | D:2      | 1302 ||| DROPPING potion of magic.
  1326 | D:3      | Noticed Ijyb
  1327 | D:3      | 1327 ||| PLANNING SEWER
  1328 | D:3      | 1328 ||| STAIRDANCE
  1338 | D:2      | HP: 5/25 [Ijyb/+0 club (3)]
  1339 | D:2      | 1339 ||| DRINKING potion of heal wounds.
  1344 | D:2      | HP: 1/25 [Ijyb/+0 club (6)]
  1347 | D:2      | Killed Ijyb
  1348 | D:2      | Reached skill level 8 in Ranged Weapons
  1449 | D:3      | 1449 ||| STAIRDANCE
  1457 | D:2      | HP: 6/25 [river rat (4)]
  1599 | D:3      | 1599 ||| DROPPING +2 sling of freezing.
  1607 | D:3      | Found a blossoming altar of Fedhas.
  1611 | D:3      | Reached XP level 5. HP: 29/29 MP: 7/7
  1655 | D:3      | Found a shimmering altar of Xom.
  1834 | D:3      | Found a faded altar of an unknown god.
  1915 | D:3      | 1915 ||| RIP SEWER
  1942 | D:3      | 1942 ||| PLANNING D:1-11
  1951 | D:3      | 1951 ||| Stepping ~*~*~tactically~*~*~ (water).
  1983 | D:3      | Reached skill level 9 in Ranged Weapons
  2036 | D:3      | 2036 ||| UPGRADING to +0 pair of gloves.
  2041 | D:3      | 2041 ||| UPGRADING to +0 pair of boots.
  2046 | D:3      | 2046 ||| UPGRADING to ring of protection from fire.
  2047 | D:3      | 2047 ||| READING scroll labelled FIW QOZAFEUBRE.
  2048 | D:3      | 2048 ||| READING scroll labelled TOPRIO GAANESM.
  2060 | D:4      | Found a white marble altar of Elyvilon.
  2692 | D:4      | 2692 ||| READING scroll labelled AMUJOD EMIBRU.
  2693 | D:4      | 2693 ||| READING scroll labelled IMASIO TOQOYSK.
  2694 | D:4      | 2694 ||| READING scroll labelled GUGAOPNA NIGADD.
  2751 | D:5      | Entered Level 5 of the Dungeon
  2794 | D:5      | Reached skill level 1 in Armour
  2898 | D:5      | Reached XP level 6. HP: 35/35 MP: 8/8
  3036 | D:5      | Noticed a sky beast
  3056 | D:5      | HP: 5/35 [something (5)]
  3059 | D:5      | Slain by a sky beast

Levels and vault maps discovered:
D:1:      dpeg_arrival_stone_temple_mockup, layout_rooms,
          minmay_misc_feat_diagonals
D:2:      layout_loops_ring, minmay_misc_feat_plants, st_stairs_8
D:3:      layout_rooms, fedhas_altar_2, lemuel_doored_altar,
          shapermc_ecumenical_altar_mp_vishouse, gup_sewer_entry_bubbles,
          uniq_ijyb
D:4:      layout_basic, mainiacjoe_overflow_cross_hatched
D:5:      layout_basic, nzn_hepliaklqana_mist_gate

Skill      XL: |  1  2  3  4  5 |
---------------+----------------+-----
Ranged Weapons | 6 7 8 9 |  9.8
Fighting       | 2 |  2.0
Armour         | 1 |  1.1
Dodging        | |  2.4
Stealth        | |  1.2

Action                     |  1- 3 |  4- 6 || total
---------------------------+-------+-------++-------
   Fire: Shortbow          |   108 |   206 ||   314
    Use: Scroll            |     1 |    11 ||    12
         Potion            |       |     3 ||     3
 Armour: Leather armour    |     7 |       ||     7
         Ring mail         |     9 |    61 ||    70
  Dodge: Dodged            |    35 |    83 ||   118

Table legend:
 A = Non-vault XP
 B = Vault XP
 C = Vault XP percentage of total XP
 D = Non-vault monster count
 E = Vault monster count
 F = Vault count percentage of total count
                 A         B        C        D         E       F
            +---------+---------+-------+---------+---------+-------
      Total |     453 |      94 |  17.2 |      82 |      11 |  11.8
            +---------+---------+-------+---------+---------+-------
        D:1 |      71 |       0 |   0.0 |      34 |       0 |   0.0
        D:2 |      43 |      53 |  55.2 |      22 |       4 |  15.4
        D:3 |      72 |      41 |  36.3 |      13 |       7 |  35.0
        D:4 |      36 |       0 |   0.0 |       7 |       0 |   0.0
        D:5 |     231 |       0 |   0.0 |       6 |       0 |   0.0
            +---------+---------+-------+---------+---------+-------
